 Dungeon Crawl Stone Soup version 0.19.1-28-ge1247f7 (webtiles) character file.

149 Megalobster the Cudgeler (level 5, 48/48 HPs)
             Began as a Minotaur Berserker on Jan 22, 2017.
             Was a Believer of Trog.
             Quit the game on level 3 of the Dungeon.
             The game lasted 00:05:54 (1389 turns).

Megalobster the Cudgeler (Minotaur Berserker)       Turns: 1389, Time: 00:05:55

Health: 48/48      AC:  8    Str: 22    XL:     5   Next: 9%
Magic:  4/4        EV:  8    Int:  4    God:    Trog [**....]
Gold:   111        SH:  0    Dex: 10    Spells: 0 memorised, 4 levels left

rFire  . . .     SeeInvis .     a - +0 mace
rCold  . . .     Gourm    .     t - +0 chain mail
rNeg   . . .     Faith    .     (no shield)
rPois  .         Spirit   .     (helmet restricted)
rElec  .         Reflect  .     (no cloak)
rCorr  .         Harm     .     (no gloves)
MR     .....                    (no boots)
Stlth  ..........               (no amulet)
                                (no ring)
                                (no ring)

@: no status effects
A: retaliatory headbutt, horns 2
a: Berserk, Trog's Hand, Burn Spellbooks, Renounce Religion


You were on level 3 of the Dungeon.
You worshipped Trog.
Trog was pleased with you.
You were not hungry.

You visited 1 branch of the dungeon, and saw 3 of its levels.

You collected 111 gold pieces.

Inventory:

Hand Weapons
 a - a +0 mace (weapon)
Missiles
 g - 80 stones (quivered)
 q - 19 sling bullets
 r - 4 tomahawks
Armour
 b - a +0 animal skin
 e - a +0 ring mail
 t - a +0 chain mail (worn)
Scrolls
 f - 3 scrolls of remove curse {unknown}
 i - a scroll of enchant weapon {unknown}
 k - a scroll of identify {unknown}
 p - a scroll of random uselessness {unknown}
Potions
 h - a potion of mutation {unknown}
 l - a potion of might {unknown}
 m - a potion of curing {unknown}
 n - a potion of degeneration {unknown}
 o - a potion of magic {unknown}
 s - a potion of berserk rage {unknown}
Comestibles
 c - 2 bread rations
 d - 16 chunks of flesh
 j - 2 slices of pizza


   Skills:
 + Level 5.1 Fighting
 - Level 5.9 Maces & Flails
 + Level 2.4 Armour
 - Level 2.1 Dodging


You had 4 spell levels left.
You didn't know any spells.

Dungeon Overview and Level Annotations

Branches:
Dungeon (3/15)

Altars:


Innate Abilities, Weirdness & Mutations

You reflexively headbutt those who attack you in melee.
You have a pair of horns on your head.


Message History

The bat closely misses you.
You sock the bat!
You kill the bat!
Trog accepts your kill.
Found a chain mail.
Things that are here:
a club; a hobgoblin corpse You butcher the hobgoblin corpse.
d - 16 chunks of flesh (gained 4)
You see here a club.
You see here a chain mail.
t - a chain mail You now have 111 gold pieces (gained 12).
You start removing your armour.
You continue taking off your +0 ring mail. x4
You finish taking off your +0 ring mail.
You start putting on your armour.
You continue putting on your chain mail. x5
You finish putting on your +0 chain mail.
Are you sure you want to abandon this character and quit the game? (Confirm with "yes".)

....# ... # .. +
. # ############
#...@......#
#..........#
#..........#
#..........#
+..........+
#.......)..###
#............#
#..........#.#
#........###.###


There were no monsters in sight!

Vanquished Creatures
  An orc wizard (D:3)
  Jessica (D:3)
  2 adders
  An ooze (D:2)
  3 worms (D:2)
  A dart slug (D:1)
  2 leopard geckos
  2 orcs (D:3)
  5 giant cockroaches
  5 hobgoblins
  2 jackals (D:3)
  10 kobolds
  A ball python (D:3)
  11 bats
  2 frilled lizards (D:1)
  3 goblins
  10 rats
62 creatures vanquished.

Notes
Turn   | Place    | Note
-------+----------+-------------------------------------------
     0 | D:1      | Megalobster the Minotaur Berserker began the quest for the Orb.
     0 | D:1      | Reached XP level 1. HP: 19/19 MP: 0/0
    98 | D:1      | Reached XP level 2. HP: 27/27 MP: 1/1
   390 | D:1      | Reached ** piety under Trog
   490 | D:1      | Reached XP level 3. HP: 33/33 MP: 2/2
   816 | D:2      | Reached skill level 5 in Maces & Flails
  1145 | D:3      | Reached XP level 4. HP: 41/41 MP: 3/3
  1194 | D:3      | Noticed Jessica
  1202 | D:3      | Killed Jessica
  1202 | D:3      | Reached skill level 5 in Fighting
  1213 | D:3      | Reached XP level 5. HP: 42/48 MP: 4/4
  1389 | D:3      | Quit the game

Skill      XL: |  1  2  3  4 |
---------------+-------------+-----
Maces & Flails | 4 5 |  5.9
Fighting       | 4 5 |  5.1
Armour         | |  2.4
Dodging        | |  2.1

Action                   |  1- 3 |  4- 6 || total
-------------------------+-------+-------++-------
Melee: Mace              |    64 |    23 ||    87
       Headbutt          |     7 |       ||     7
Invok: Burn Spellbooks   |     1 |       ||     1
       Berserk           |       |     1 ||     1
  Eat: Chunk             |     1 |     1 ||     2
Armor: Animal skin       |     3 |       ||     3
       Ring mail         |    27 |    10 ||    37
Dodge: Dodged            |    55 |    25 ||    80
